Map: Eternal Empire LE

Players

Maru - Winner!

  • Race: Terran Terran
  • Spawn Location: 1:00

sOs

  • Race: Protoss Protoss
  • Spawn Location: 7:00

Event: IEM Katowice 2020

VOD

Have the link to the VOD?

Description

Time

  • Played on: Feb. 29, 2020, 1:22 p.m.
  • Length: 5:57

All games in this series

Show
View Real Time Build Order
Export as new Build Order

Maru Terran - Winner!

Build Orders: Reaper Expand 

Get SALT Encoding   

  12  0:00  SCV  
  13  0:12  SCV  
  14  0:17  Supply Depot  
  14  0:25  SCV  
  15  0:38  SCV  
  15  0:40  Barracks  
  16  0:43  Refinery  
  16  0:50  SCV  
  17  1:02  SCV  
  18  1:15  SCV  
  19  1:27  Orbital Command, Reaper  
  20  1:42  Command Center  
  20  1:52  SCV  
  21  1:54  Supply Depot  
  21  2:05  SCV  
  22  2:09  Marine  
  22  2:10  Bunker  
  23  2:16  Factory  
  23  2:22  SCV  
  23  2:27  Marine  
  24  2:34  SCV  
  24  2:45  Marine  
  24  2:48  SCV  
  24  3:00  Hellion  
  26  3:06  Starport  
  26  3:09  Marine  
  27  3:15  SCV  
  28  3:24  Hellion  
  30  3:27  Marine  
  30  3:29  Orbital Command  
  31  3:34  SCV  
  32  3:42  Medivac  
  32  3:45  Hellion  
  32  3:46  Marine  
  38  3:48  SCV  
  38  3:53  Supply Depot  
  38  3:55  SCV  
  39  4:04  Marine  
  39  4:05  SCV  
  39  4:06  Refinery  
  39  4:07  SCV  
  42  4:12  Factory Tech Lab  
  42  4:13  Starport Tech Lab  
  42  4:18  SCV  
  42  4:19  SCV  
  42  4:22  Barracks Reactor  
  44  4:30  SCV  
  45  4:31  SCV  
  45  4:37  Command Center  
  46  4:40  Siege Tank  
  46  4:42  SCV  
  46  4:45  SCV, Refinery  
  50  4:54  SCV  
  50  4:58  SCV  
  50  4:59  Marine x2  
  52  5:06  SCV  
  50  5:10  SCV  
  50  5:13  Supply Depot  
  51  5:14  Banshee  
  51  5:19  Marine, SCV, Siege Tank  
  51  5:20  Barracks  
  59  5:22  SCV  
  59  5:28  Engineering Bay  
  58  5:31  SCV  
  57  5:36  SCV  
  56  5:44  Supply Depot  
  56  5:45  Engineering Bay  
  56  5:47  Engineering Bay  
Show
View Real Time Build Order
Export as new Build Order

sOs Protoss 

Build Orders:  

Get SALT Encoding   

  12  0:00  Probe  
  13  0:12  Probe  
  14  0:17  Pylon  
  14  0:24  Probe  
  15  0:37  Probe  
  16  0:46  Pylon  
  16  0:49  Probe  
  17  0:58  Assimilator  
  17  1:01  Probe  
  18  1:05  Gateway  
  18  1:13  Probe  
  19  1:25  Probe  
  20  1:34  Nexus  
  20  1:42  Probe  
  21  1:50  Zealot (Chrono Boost)  
  21  1:51  Cybernetics Core  
  23  1:56  Probe  
  23  1:59  Assimilator  
  24  2:09  Probe, Zealot (Chrono Boost)  
  27  2:22  Probe  
  28  2:27  Stalker (Chrono Boost)  
  30  2:30  Warp Gate  
  30  2:40  Probe  
  31  2:48  Stalker (Chrono Boost)  
  30  3:00  Probe (Chrono Boost)  
  30  3:02  Gateway  
  29  3:05  Probe (Chrono Boost)  
  29  3:08  Twilight Council  
  30  3:15  Probe x2 (Chrono Boost)  
  31  3:23  Probe (Chrono Boost)  
  31  3:24  Probe (Chrono Boost)  
  31  3:25  Gateway  
  31  3:35  Probe (Chrono Boost)  
  31  3:38  Gateway  
  32  3:41  Resonating Glaives (Chrono Boost)  
  32  3:45  Probe (Chrono Boost)  
  32  3:46  Stalker (Chrono Boost)  
  33  3:52  Pylon  
  33  3:55  Probe  
  36  3:56  Probe  
  37  4:13  Gateway  
  37  4:14  Gateway  
  37  4:15  Gateway  
  37  4:23  Adept x2  
  40  4:26  Probe x2  
  42  4:31  Pylon  
  42  4:35  Stalker  
  44  4:50  Stalker  
  44  4:51  Stalker  
  46  4:59  Adept  
  32  5:11  Adept x2  
  35  5:16  Adept  
  37  5:22  Adept  
  39  5:34  Adept  
  39  5:35  Adept  
  41  5:42  Adept  

Tags
 
Add a new tag
Caveats
  • Supply blocks, unpowered buildings, or Contaminate may cause inaccurate times.
  • Supply counts are checked every 10 seconds.